 Dungeon Crawl Stone Soup version 0.24.0-35-gdb84b6a5db (webtiles) character file.

Game seed: 15470255189969222444, levelgen mode: deterministic

36 Elektrikar the Chiller (level 3, -1/26 HPs)
             Began as a Draconian Ice Elementalist on Nov 20, 2019.
             Slain by Sigmund
             ... wielding a +0 scythe
              (10 damage)
             ... on level 2 of the Dungeon.
             The game lasted 00:11:36 (1951 turns).

Elektrikar the Chiller (Draconian Ice Elementalist) Turns: 1951, Time: 00:11:36

Health: -1/26      AC:  6    Str: 11    XL:     3   Next: 19%
Magic:  6/6        EV: 12    Int: 15    God:
Gold:   75         SH:  0    Dex: 11    Spells: 5/6 levels left

rFire    . . .     SeeInvis .   d - +6 dagger
rCold    . . .     Gourm    .   (no shield)
rNeg     . . .     Faith    .   (armour unavailable)
rPois    .         Spirit   .   (helmet restricted)
rElec    .         Reflect  .   (no cloak)
rCorr    .         Harm     .   (no gloves)
MR       .....                  k - +0 pair of boots
Stlth    ++........             (no amulet)
HPRegen  0.08/turn              (no ring)
MPRegen  0.10/turn              (no ring)

@: no status effects
A: unfitting armour, cold-blooded, AC +5
a: no special abilities


You were on level 2 of the Dungeon.
You were very hungry.

You visited 1 branch of the dungeon, and saw 2 of its levels.

You collected 75 gold pieces.

Inventory:

Hand Weapons
 d - a +6 dagger (weapon)
 e - a +0 club
 f - a +0 dagger
 i - a +0 hand axe
Armour
 j - a +0 scale mail
 k - a +0 pair of boots (worn)
Jewellery
 g - an uncursed ring of protection from magic {unknown}
Scrolls
 a - 2 scrolls of remove curse {unknown}
 h - a scroll of blinking {unknown}
 l - a scroll of enchant armour {unknown}
Potions
 c - a potion of curing {unknown}
Comestibles
 b - 4 rations


   Skills:
 + Level 0.6 Short Blades
 + Level 2.0 Dodging
 + Level 2.1 Stealth
 + Level 0.4 Unarmed Combat
 + Level 2.3 Spellcasting
   Level 1.0 Conjurations
 + Level 3.5 Ice Magic


You had 5 spell levels left.
You knew the following spells:

 Your Spells              Type           Power        Failure   Level  Hunger
a - Freeze                Ice            ##..         4%          1    #......

Your spell library contained the following spells:

 Spells                   Type           Power        Failure   Level  Hunger
 Throw Frost              Conj/Ice       #.....       13%         2    ###....
 Ozocubu's Armour         Chrm/Ice       #.......     30%         3    ###....
 Throw Icicle             Conj/Ice       #.......     63%         4    #####..
 Summon Ice Beast         Ice/Summ       #.......     71%         4    #####..


Dungeon Overview and Level Annotations

Branches:
Dungeon (2/15)

Altars:

Annotations:
D:2 Sigmund


Innate Abilities, Weirdness & Mutations

Your plain brown scales are hard. (AC +5)
You cannot fit into any form of body armour.
You are cold-blooded and may be slowed by cold attacks.


Message History

You start resting.
You are feeling very hungry.
A kobold comes into view. It is wielding a +0 club.
The kobold shouts!
The kobold barely misses you.
You barely miss the kobold. The kobold hits you with a +0 club.
Sigmund the Dreaded comes into view.
He is wielding a +0 scythe.
You barely miss the kobold.
Sigmund shouts!
The kobold barely misses you.
You puncture the kobold!
You kill the kobold!
Sigmund mumbles some strange words.
Sigmund flickers and vanishes!
Deactivating autopickup; reactivate with Ctrl-A.
Found a ration and 2 bubbling purple potions.
You see here a +0 club.
Something hits you!
You barely miss something.
Your tail-slap misses something.
Something hits you!
You die...

#### !.%.
... #.. #.#
#{# #@# #.#
♣)♣ ..
#.#♣♣.♣♣#..#
#..........#
###♣♣.♣♣##.#
♣.♣ #.## ..#
#..###


There were no monsters in sight!

Vanquished Creatures
  An adder (D:2)
  An ooze (D:1)
  A leopard gecko (D:1)
  A bat (D:1)
  2 giant cockroaches
  4 goblins (D:1)
  4 hobgoblins (D:1)
  2 kobolds
  A frilled lizard (D:2)
  3 rats (D:1)
20 creatures vanquished.

Notes
Turn   | Place    | Note
-------+----------+-------------------------------------------
     0 | D:1      | Elektrikar the Draconian Ice Elementalist began the quest
                  | for the Orb.
     0 | D:1      | Reached XP level 1. HP: 14/14 MP: 3/3
   710 | D:1      | Reached XP level 2. HP: 16/20 MP: 5/5
  1762 | D:2      | Reached XP level 3. HP: 17/26 MP: 6/6
  1945 | D:2      | Noticed Sigmund
  1951 | D:2      | Slain by Sigmund

Levels and vault maps discovered:
D:1:      roderic_crop_circles_arrival_small, layout_basic,
          minmay_misc_feat_ornament
D:2:      layout_rooms, minmay_tree_intersection, minmay_misc_feat_enclosed,
          uniq_sigmund

Skill      XL: |  1  2 |
---------------+-------+-----
Dodging        | 2 |  2.0
Stealth        | 2 |  2.1
Short Blades   | |  0.6
Unarmed Combat | |  0.4
Spellcasting   | |  2.3
Conjurations   | |  1.0
Ice Magic      | |  3.5

Action                   || total
-------------------------++-------
Melee: Unarmed           ||    37
       Dagger            ||    35
       Tailslap          ||     9
 Stab: Sleeping          ||     6
  Eat: Chunk             ||     2
Armor: Skin              ||    14
Dodge: Dodged            ||    36
